 Dungeon Crawl Stone Soup version 0.29-a0-72-g1732ff48e7 (webtiles) character file.

Game seed: 12105228346973251913

6877 belegose the Fighter (level 10, -4/81 HPs)
             Began as a Minotaur Fighter on Feb 3, 2022.
             Was an Elder of Hepliaklqana.
             Killed from afar by an electric eel (8 damage)
             ... with a bolt of electricity
             ... on level 10 of the Dungeon.
             The game lasted 00:22:24 (11358 turns).

belegose the Fighter (Minotaur Fighter)            Turns: 11358, Time: 00:22:25

Health: -4/81      AC: 10    Str: 20    XL:     10   Next: 78%
Magic:  13/13      EV: 15    Int:  9    God:    Hepliaklqana [****..]
Gold:   541        SH:  5    Dex: 17    Spells: 9/9 levels left

rFire   + . .      SeeInvis .   a - +0 flail
rCold   + . .      Faith    .   c - +0 buckler
rNeg    . . .      Spirit   .   S - +0 acid dragon scales
rPois   .          Reflect  .   (helmet restricted)
rElec   .          Harm     .   M - scarf {rC+ rF+}
rCorr   +          Rampage  .   l - +1 pair of gloves {Stlth+}
Will    +....                   (no boots)
Stlth   ++........              (no amulet)
HPRegen 0.23/turn               m - ring of willpower
MPRegen 0.13/turn               E - +6 ring of dexterity

@: studying Necromancy
A: reduced essence, horns 2, retaliatory headbutt
a: Renounce Religion, Recall Ancestor, Ancestor Identity, Transference, Idealise


You were on level 10 of the Dungeon.
You worshipped Hepliaklqana.
Hepliaklqana was greatly pleased with you.
You visited 2 branches of the dungeon, and saw 11 of its levels.

You collected 541 gold pieces.

Inventory:

Hand Weapons
 a - a +0 flail (weapon)
 g - a +0 war axe
Missiles
 b - 3 boomerangs
 f - 84 bolts
 p - 276 stones
 I - 17 poisoned darts (quivered)
 K - 7 javelins
 T - a throwing net
Armour
 c - a +0 buckler (worn)
 l - a +1 pair of gloves of stealth (worn)
 M - a scarf of resistance (worn)
 S - +0 acid dragon scales (worn)
Jewellery
 m - a ring of willpower (left hand)
 r - a ring of fire
 y - a ring of protection from fire
 D - a ring of resist corrosion
 E - a +6 ring of dexterity (right hand)
Wands
 v - a wand of flame (69)
 F - a wand of paralysis (4)
 H - a wand of polymorph (6)
 J - a wand of mindburst (17)
 O - a wand of charming (13)
 Q - a wand of acid (6)
 R - a wand of digging (8)
Scrolls
 e - 9 scrolls of teleportation {unknown}
 h - a scroll of brand weapon {unknown}
 n - 3 scrolls of identify {unknown}
 q - a scroll of amnesia {unknown}
 s - a scroll of fear {unknown}
 u - 2 scrolls of blinking {unknown}
 w - a scroll of noise {unknown}
 B - a scroll of acquirement {unknown}
 G - a scroll of magic mapping {unknown}
 L - a scroll of fog {unknown}
 U - 3 scrolls of vulnerability {unknown}
 V - a scroll of silence {unknown}
Potions
 d - 5 potions of might
 i - a potion of degeneration {unknown}
 j - a potion of heal wounds {unknown}
 k - a potion of mutation {unknown}
 o - 4 potions of curing {unknown}
 t - a potion of haste {unknown}
 x - 3 potions of magic {unknown}
 z - 2 potions of lignification {unknown}
 A - 2 potions of brilliance {unknown}
 C - 2 potions of invisibility {unknown}
 N - a potion of ambrosia {unknown}
 P - a potion of resistance {unknown}


   Skills:
 + Level 9.0 Fighting
 + Level 8.5 Maces & Flails
 + Level 2.9 Throwing
 + Level 8.9 Armour
 + Level 6.8 Dodging
 - Level 4.9 Shields
 + Level 6.2 Invocations
 + Level 5.6 Evocations


You had 9 spell levels left.
You didn't know any spells.
Your spell library contained the following spells:

 Spells                   Type           Power      Damage    Failure   Level
 Animate Skeleton         Necr           0%         N/A       54%         1
 Pain                     Necr           0%         1d4       54%         1
 Summon Small Mammal      Summ           0%         N/A       54%         1
 Static Discharge         Conj/Air       0%         N/A       69%         2
 Call Canine Familiar     Summ           0%         N/A       89%         3
 Dazzling Flash           Conj/Hex       0%         N/A       89%         3
 Portal Projectile        Hex/Tloc       0%         N/A       89%         3
 Summon Guardian Golem    Hex/Summ       0%         N/A       89%         3
 Vampiric Draining        Necr           0%         2d6       89%         3
 Olgreb's Toxic Radiance  Pois           0%         N/A       100%        4
 Agony                    Necr           0%         N/A       100%        5
 Blade Hands              Tmut           0%         N/A       100%        5
 Excruciating Wounds      Necr           0%         N/A       100%        5
 Lightning Bolt           Conj/Air       0%         1d11      100%        5
 Silence                  Hex/Air        0%         N/A       100%        5
 Ozocubu's Refrigeration  Ice            0%         4d5       100%        7
 Ignition                 Fire           0%         3d3       100%        8
 Maxwell's Capacitive Co  Air            0%         ∞         100%        8


Dungeon Overview and Level Annotations

Branches:
Dungeon (10/15)            Temple (1/1) D:5            Lair (0/6) D:10
    Orc (0/2) D:9

Altars:
Ashenzari
Cheibriados
Elyvilon
Fedhas
Gozag
Hepliaklqana
Kikubaaqudgha
Makhleb
Nemelex Xobeh
Okawaru
Qazlal
Ru
Trog
Uskayaw
Vehumet
Wu Jian
Xom
Yredelemnul
Zin
The Shining One

Annotations:
D:10 2 runed translucent doors, a3don's ghost, journeyman DrEE


Innate Abilities, Weirdness & Mutations

Your life essence is reduced to manifest your ancestor. (-10% HP)
You have a pair of horns on your head.
You reflexively headbutt those who attack you in melee.


Message History

The electric eel shoots out a bolt of lightning at you!
The bolt of electricity hits you!
Sunngifu points at the electric eel and mumbles some strange words.
The electric eel resists with significant effort.
The electric eel shoots out a bolt of lightning at Sunngifu!
The bolt of electricity hits Sunngifu!
Unknown command.
You enter the shallow water.
Moving in this stuff is going to be slow.
An electric eel comes into view.
Sunngifu points at the electric eel and mumbles some strange words.
The electric eel seems to slow down.
The electric eel shoots out a bolt of lightning at Sunngifu!
The bolt of electricity hits Sunngifu!
Sunngifu is destroyed!
The electric eel shoots out a bolt of lightning at you!
The bolt of electricity hits you.
You hit the electric eel.
The electric eel is heavily wounded.
The electric eel shoots out a bolt of lightning at you!
The bolt of electricity hits you!
Unknown command.
You barely miss the electric eel.
The electric eel is heavily wounded.
The electric eel shoots out a bolt of lightning at you!
The bolt of electricity hits you!
* * * LOW HITPOINT WARNING * * *
The electric eel shoots out a bolt of lightning at you!
The bolt of electricity hits you!
* * * LOW HITPOINT WARNING * * *
The electric eel shoots out a bolt of lightning at you!
The bolt of electricity misses you.
The electric eel shoots out a bolt of lightning at you!
The bolt of electricity hits you.
* * * LOW HITPOINT WARNING * * *
The electric eel shoots out a bolt of lightning at you!
The bolt of electricity misses you.
The electric eel shoots out a bolt of lightning at you!
The bolt of electricity hits you!
You die...

. . ##..########## #8. ..#
##............## ##. ...#
##............).# $.. ....#
###...#####...#########
......#####.....# #...# #...#
................# #...# #...#
..)...........#####...#####...#
...≈...........................
...≈≈.≈....≈..@................
.≈≈≈≈≈≈..†....#####............
≈≈≈≈≈≈≈≈≈≈....# #.######...##
≈≈≈..≈≈≈S≈≈≈..# #.# #...#
≈...≈..≈≈≈....#####.# #...##
≈≈....≈≈≈.≈≈≈.......######.....
..>..≈≈S≈....................
....≈≈≈≈≈≈...#####.#######...
≈..≈.≈≈≈≈....# #+# #...


You could see 2 electric eels.

Vanquished Creatures
  2 two-headed ogres
  2 centaur zombies (D:10)
  Joseph (D:8)
  A wyvern (D:7)
  A steam dragon (D:8)
  An acid dragon (D:8)
  An ice beast (D:6)
  An orc warrior (D:6)
  A black bear (D:4)
  A necrophage (D:5)
  2 wolves (D:10)
  4 centaurs
  2 ogres (D:5)
  2 kobold brigands
  3 phantoms
  2 bullfrogs
  2 water moccasin skeletons
  5 howler monkeys
  A vampire bat (D:7)
  3 wights
  An electric eel (D:10)
  3 jellies
  5 hounds
  An orc priest (D:8)
  A gnoll shaman (D:6)
  A bullfrog skeleton (D:6)
  A centaur skeleton (D:6)
  Terence (D:3)
  3 iguanas (D:5)
  2 orc wizards
  A scorpion zombie (D:5)
  A killer bee zombie (D:6)
  5 ogre zombies (D:9)
  A hound skeleton (D:4)
  A howler monkey zombie (D:6)
  Robin (D:3)
  6 adders
  5 gnolls (D:6)
  A shadow imp (D:5)
  3 worms (D:2)
  2 dart slugs
  20 orcs
  6 ball pythons
  3 bats
  A bat skeleton (D:7)
  2 bat zombies (D:7)
  6 endoplasms
  8 giant cockroaches
  15 goblins
  12 hobgoblins
  11 jackals
  6 quokkas
  2 frilled lizards (D:1)
  A goblin skeleton (D:9)
  6 goblin zombies (D:9)
  A hobgoblin zombie (D:9)
  11 kobolds
  7 orc zombies (D:9)
  5 rats
207 creatures vanquished.

Vanquished Creatures (collateral kills)
  A centaur zombie (D:10)
  A shadow (D:6)
  A wraith (D:10)
  A steam dragon (D:8)
  A wolf (D:10)
  A phantom (D:9)
  A kobold brigand (D:9)
  A bullfrog (D:7)
  A scorpion (D:6)
  2 howler monkeys
  3 wights
  A hound (D:6)
  3 iguanas
  An ogre zombie (D:9)
  A bat skeleton (D:7)
  A hobgoblin (D:8)
  A goblin zombie (D:9)
  6 kobolds
  An orc skeleton (D:9)
  2 orc zombies (D:9)
31 creatures vanquished.

Vanquished Creatures (others)
  3 hexers
  2 ancestors (D:6)
  A plant (D:5)
6 creatures vanquished.

Grand Total: 244 creatures vanquished

Notes
Turn   | Place    | Note
-------+----------+-------------------------------------------
     0 | D:1      | belegose the Minotaur Fighter began the quest for the Orb.
     0 | D:1      | Reached XP level 1. HP: 19/19 MP: 0/0
   158 | D:1      | Reached XP level 2. HP: 23/27 MP: 1/1
   330 | D:1      | Reached skill level 4 in Fighting
   434 | D:1      | Reached XP level 3. HP: 27/33 MP: 2/2
  1768 | D:2      | Found a broken altar of Ashenzari.
  1848 | D:2      | Reached XP level 4. HP: 40/40 MP: 3/3
  2549 | D:3      | Noticed Robin
  2566 | D:3      | Killed Robin
  2667 | D:3      | Found a burning altar of Makhleb.
  2710 | D:3      | Reached XP level 5. HP: 47/47 MP: 4/4
  2992 | D:3      | Noticed Terence
  3008 | D:3      | Killed Terence
  3057 | D:3      | Found a hazy altar of Hepliaklqana.
  3147 | D:3      | Became a worshipper of Hepliaklqana the Forgotten
  3576 | D:4      | Noticed a black bear
  3578 | D:4      | Noticed a phantom
  3732 | D:3      | Reached skill level 5 in Armour
  3764 | D:3      | Killed a phantom
  3765 | D:3      | Reached skill level 5 in Fighting
  3765 | D:3      | Reached skill level 1 in Dodging
  3765 | D:3      | Reached XP level 6. HP: 55/56 MP: 5/5
  3833 | D:4      | Reached skill level 1 in Invocations
  3833 | D:4      | Reached skill level 1 in Evocations
  4035 | D:5      | Entered Level 5 of the Dungeon
  4082 | D:5      | Found a staircase to the Ecumenical Temple.
  4215 | Temple   | Entered the Ecumenical Temple
  4600 | D:5      | Reached XP level 7. HP: 47/61 MP: 7/7
  4683 | D:5      | Reached skill level 5 in Maces & Flails
  4907 | D:5      | Reached * piety under Hepliaklqana
  5789 | D:6      | Reached skill level 6 in Fighting
  5839 | D:6      | Found a glowing silver altar of Zin.
  5889 | D:6      | Reached XP level 8. HP: 63/63 MP: 9/9
  5998 | D:6      | Found a white marble altar of Elyvilon.
  6180 | D:6      | Found an iron altar of Okawaru.
  6405 | D:6      | Reached ** piety under Hepliaklqana
  6408 | D:6      | Remembered your ancestor Sunngifu as a hexer
  6969 | D:7      | Reached skill level 7 in Fighting
  7150 | D:7      | Found an ancient bone altar of Kikubaaqudgha.
  7211 | D:7      | Reached XP level 9. HP: 70/71 MP: 9/11
  7745 | D:8      | Found a sacrificial altar of Ru.
  7837 | D:8      | Reached skill level 5 in Dodging
  8150 | D:8      | Reached *** piety under Hepliaklqana
  8261 | D:8      | Noticed a two-headed ogre
  8400 | D:8      | Killed a two-headed ogre
  8401 | D:8      | Reached skill level 5 in Invocations
  8743 | D:8      | Noticed Joseph
  8792 | D:8      | Killed Joseph
  8793 | D:8      | Reached skill level 8 in Fighting
  8969 | D:8      | Found a bloodstained altar of Trog.
  9219 | D:8      | Reached XP level 10. HP: 61/78 MP: 12/12
  9571 | D:9      | Found a staircase to the Orcish Mines.
  9603 | D:9      | Reached skill level 5 in Evocations
  9606 | D:9      | Reached skill level 1 in Throwing
 10243 | D:9      | Reached **** piety under Hepliaklqana
 10412 | D:10     | Entered Level 10 of the Dungeon
 10436 | D:10     | Noticed a two-headed ogre
 10631 | D:10     | Found a runed translucent door.
 10634 | D:10     | Noticed a stone giant
 10635 | D:10     | Noticed a skeletal warrior
 10635 | D:10     | Noticed a manticore
 10635 | D:10     | Noticed a necromancer
 10635 | D:10     | Noticed a lich
 10637 | D:10     | Noticed a sphinx
 10637 | D:10     | Noticed a3don's ghost (journeyman DrEE)
 10641 | D:10     | Found a runed translucent door.
 10681 | D:10     | Identified the +4 leather armour of Fortitude {Will- Str+4
                  | SInv}
 10965 | D:10     | Killed a two-headed ogre
 11290 | D:10     | Reached skill level 9 in Fighting
 11346 | D:10     | Found a staircase to the Lair.
 11355 | D:10     | HP: 3/81 [electric eel/bolt of electricity (6)]
 11358 | D:10     | Killed from afar by an electric eel

Illustrated notes

Levels and vault maps discovered:
D:1:      heliophobic_arrival_enchanted_forest, layout_basic, serial_curves,
          eino_curves_02, eino_curves_02, minmay_stone_trees_small,
          wad_woods_river_04
D:2:      layout_loops_corners, basic_altar, grunt_decor_resistance
D:3:      layout_basic, lemuel_tele_altar, mainiacjoe_overflow_surrounded_room,
          uniq_terence, uniq_robin
D:4:      layout_basic, kennysheep_crisscross
D:5:      layout_loops_corners, minmay_temple_entry_gardened_gates,
          minmay_manual_monstrance
D:6:      minmay_inner_zag, layout_gridville, mainiacjoe_overflow_tiny_flanked,
          okawaru_metal_pillars_3, mainiacjoe_overflow_alcove_4,
          minmay_quadrilaterals
D:7:      layout_cave_pools, kennysheep_vampire_church, eino_tiny_chamber
D:8:      layout_loops_ring, trog_hazing_becter,
          mainiacjoe_overflow_concentric_impassable, kennysheep_generic_room_5,
          uniq_joseph
D:9:      layout_long_grid, zombieorc1_lemuel, hangedman_decor_opposing
D:10:     layout_long_grid, grunt_dithmenos_shadows, tgw_sif, erik_lair_island,
          muffindrake_ghost_dual_entry, grunt_ministairs_12, lemuel_old_faithful
Temple:   nicolae_temple_no_exploring_needed

Skill      XL: |  1  2  3  4  5  6  7  8  9 10 |
---------------+-------------------------------+-----
Shields        | 4 |  4.9
Armour         | 4 5 6 8 |  8.9
Fighting       | 4 5 6 7 8 9 |  9.0
Maces & Flails | 3 4 5 6 7 8 |  8.5
Dodging        | 1 2 3 4 5 6 |  6.8
Invocations    | 1 2 4 5 6 |  6.2
Evocations     | 1 2 3 4 5 |  5.6
Throwing       | 2 |  2.9

Action                   |  1- 3 |  4- 6 |  7- 9 | 10-12 || total
-------------------------+-------+-------+-------+-------++-------
Melee: Flail             |   104 |   161 |   214 |   172 ||   651
       Headbutt          |     9 |    21 |    49 |    44 ||   123
Throw: Dart              |       |       |       |     4 ||     4
Invok: Ancestor Life: He |       |       |     1 |       ||     1
Evoke: Wand              |       |       |     3 |       ||     3
 Stab: Distracted        |       |       |     5 |     3 ||     8
       Confused          |       |       |     2 |     7 ||     9
       Sleeping          |       |       |     2 |     5 ||     7
Armor: Scale mail        |    48 |    27 |       |       ||    75
       Chain mail        |       |    48 |    75 |       ||   123
       Acid dragon scale |       |       |    14 |    56 ||    70
Dodge: Dodged            |    37 |    62 |   101 |   105 ||   305
Block: Buckler           |    18 |    34 |    45 |    41 ||   138

Table legend: (Time is in decaauts)
 A = Elapsed time spent in this place.
 B = Non-inter-level travel time spent in this place.
 C = Inter-level travel time spent in this place.
 D = Time resting spent in this place.
 E = Time spent auto-exploring this place.
 F = Levels seen in this place.
 G = Mean time per level.
                   A        B        C        D        E       F      G
               +--------+--------+--------+--------+--------+-----+--------+
         Total |  11517 |  10576 |    941 |    694 |   7320 |  11 | 1047.0 |
       Dungeon |  11515 |  10574 |    941 |    694 |   7320 |  10 | 1151.5 |
        Temple |      1 |      1 |      0 |      0 |      0 |   1 |    1.0 |
               +--------+--------+--------+--------+--------+-----+--------+

Top non-repeatable levels by time:
     D:8: 1663 daAuts
     D:5: 1576 daAuts
     D:9: 1494 daAuts
     D:2: 1355 daAuts
     D:6: 1326 daAuts
     D:1: 1090 daAuts
     D:3: 990 daAuts
     D:4: 718 daAuts
     D:7: 702 daAuts
    D:10: 597 daAuts
  Temple: 1 daAuts
